 Dungeon Crawl Stone Soup version 0.27-a0-1384-g1422d76b99 (webtiles) character file.

Game seed: 15424509763453543053

47 dickylongcocking the Skirmisher (level 3, -2/31 HPs)
             Began as a Djinni Wanderer on June 30, 2021.
             Slain by an orc (3 damage)
             ... on level 4 of the Dungeon.
             The game lasted 00:02:56 (2134 turns).

dickylongcocking the Skirmisher (Djinni Wanderer)   Turns: 2134, Time: 00:02:56

Health: -2/31      AC:  4    Str: 12    XL:     3   Next: 97%
Gold:   97         EV: 11    Int: 14    God:
                   SH:  0    Dex: 11

rFire    + + .     SeeInvis .   a - +0 club
rCold    x . .     Faith    .   (no shield)
rNeg     . . .     Spirit   .   b - +0 robe
rPois    ∞         Reflect  .   (no helmet)
rElec    .         Harm     .   k - +1 cloak
rCorr    .         Rampage  .   (no gloves)
Will     .....                  (boots unavailable)
Stlth    +.........             (no amulet)
HPRegen  0.10/turn              (no ring)
MPRegen  0.00/turn              (no ring)

@: flying
A: sickness immunity, fire resistance 2, cold vulnerability 1, float, innate
caster, hp casting, extra vitality 1
a: no special abilities


You were on level 4 of the Dungeon.
You visited 1 branch of the dungeon, and saw 4 of its levels.

You collected 97 gold pieces.

Inventory:

Hand Weapons
 a - a +0 club (weapon)
Armour
 b - a +0 robe (worn)
 c - a +0 kite shield
 k - a +1 cloak (worn)
Scrolls
 f - a scroll of teleportation {unknown}
 g - a scroll of immolation {unknown}
 h - a scroll of vulnerability {unknown}
 j - a scroll of fear {unknown}
 l - a scroll of brand weapon {unknown}
Potions
 i - a potion of might


   Skills:
 - Level 4.0 Fighting
 - Level 1.0 Long Blades
 - Level 1.0 Axes
 - Level 2.0 Armour
 - Level 1.0 Stealth
 - Level 1.0 Shields
 * Level 2.3 Spellcasting


You couldn't memorise any spells.
You knew the following spells:

 Your Spells              Type           Power      Damage    Failure   Level
a - Sandblast             Erth           16%        2d6       9%          1
b - Stone Arrow           Conj/Erth      16%        3d8       26%         3
c - Summon Guardian Gole  Hex/Summ       8%         N/A       26%         3
d - Summon Small Mammal   Summ           32%        N/A       9%          1
e - Apportation           Tloc           16%        N/A       9%          1

Your spell library contained the following spells:

 Spells                   Type           Power      Damage    Failure   Level


Dungeon Overview and Level Annotations

Branches:
Dungeon (4/15)
 Temple: D:4-7

Altars:


Innate Abilities, Weirdness & Mutations

You are immune to sickness and miasma.
You are immune to poison.
Your flesh is very heat resistant. (rF++)
You are vulnerable to cold. (rC-)
You float through the air rather than walking.
You learn spells naturally, not from books.
Your magical power is your life essence.
You have superior vitality. (+4 HP)


Message History

Your rat's corpse disappears in a puff of smoke!
Your bat hits the orc. x2
Found a scroll labelled JASIBR WYUS.
Your bat closely misses the orc.
You hit the orc.
The orc is severely wounded.
Your bat hits the orc. x2; Your bat barely misses the orc.
Your bat hits the orc. Something closely misses your bat.
The orc closely misses your bat. Something misses your bat.
Unknown command.
Your bat closely misses the orc.
Your bat hits the orc. The orc hits you with a +0 falchion.
* * * LOW HITPOINT WARNING * * *
There is a stone staircase leading down here.
Unknown command.
Your bat hits the orc. x2; The orc hits you with a +0 falchion.
* * * LOW HITPOINT WARNING * * *
The orc hits you with a +0 short sword.
* * * LOW HITPOINT WARNING * * *
You fly downwards.
Found a stone staircase leading down.
There is a stone staircase leading up here.
Unknown command.
Unknown command.
Okay, then.
Sorry, you're not good enough to have a special ability.
Unknown command.
Unknown command.
You hit the orc but do no damage.
The orc is heavily wounded.
The orc hits you with a +0 falchion.
* * * LOW HITPOINT WARNING * * *
The orc hits you but does no damage. The orc misses you.
Unknown command.
Unknown command.
You hit the orc but do no damage.
The orc is moderately wounded.
The orc misses you. The orc hits you but does no damage.
The orc hits you with a +0 short sword.
You die...

#. #.. #..#
....###
.......###
.........###
......o....#
.......@...#
........o..#
...........#
...........#
.............
...........###
#..........#
##.........#


You could see 2 orcs.

Vanquished Creatures
  An adder (D:2)
  2 orcs (D:2)
  2 ball pythons (D:2)
  An endoplasm (D:2)
  2 giant cockroaches
  4 goblins
  A hobgoblin (D:2)
  2 jackals (D:2)
  2 kobolds (D:2)
  A quokka (D:2)
  5 bats
  5 frilled lizards
  A rat (D:3)
29 creatures vanquished.

Vanquished Creatures (collateral kills)
  A giant cockroach (D:1)
  A goblin (D:1)
  2 hobgoblins (D:1)
  A kobold (D:1)
  A frilled lizard (D:1)
6 creatures vanquished.

Grand Total: 35 creatures vanquished

Notes
Turn   | Place    | Note
-------+----------+-------------------------------------------
     0 | D:1      | dickylongcocking the Djinni Wanderer began the quest for
                  | the Orb.
     0 | D:1      | Reached XP level 1. HP: 21/21 MP: 0/0
   675 | D:1      | Reached skill level 1 in Spellcasting
   675 | D:1      | Reached XP level 2. HP: 25/26 MP: 0/0
  1141 | D:2      | Reached XP level 3. HP: 18/31 MP: 0/0
  1141 | D:2      | Learned a level 1 spell: Apportation
  1696 | D:2      | Noticed a great orb of eyes
  1698 | D:2      | Found a faded altar of an unknown god.
  1700 | D:2      | Noticed an eye of devastation
  1700 | D:2      | Noticed a shining eye
  1700 | D:2      | Noticed a shining eye
  1766 | D:2      | HP: 1/31 [something/magic dart (7)]
  2133 | D:4      | HP: 1/31 [orc (2)]
  2134 | D:4      | Slain by an orc

Illustrated notes

Levels and vault maps discovered:
D:1:      eino_arrival_druids_welcome, layout_rooms
D:2:      layout_rooms, hellmonk_ecumenical_altar_watching_god
D:3:      layout_rooms, trog_wizard
D:4:      layout_cave_pods, gammafunk_ghost_icy, uniq_sigmund

Skill      XL: |  1  2  3 |
---------------+----------+-----
Spellcasting   | 1 2 |  2.3
Fighting       | |  4.0
Long Blades    | |  1.0
Axes           | |  1.0
Armour         | |  2.0
Stealth        | |  1.0
Shields        | |  1.0

Action                   || total
-------------------------++-------
Melee: Club              ||    85
 Cast: Summon Small Mamm ||    21
       Sandblast         ||    26
  Use: Potion            ||     3
 Stab: Distracted        ||     1
Armor: Robe              ||    39
Dodge: Dodged            ||    90

Table legend: (Time is in decaauts)
 A = Elapsed time spent in this place.
 B = Non-inter-level travel time spent in this place.
 C = Inter-level travel time spent in this place.
 D = Time resting spent in this place.
 E = Time spent auto-exploring this place.
 F = Levels seen in this place.
 G = Mean time per level.
                   A        B        C        D        E       F      G
               +--------+--------+--------+--------+--------+-----+--------+
         Total |   2137 |   2130 |      7 |    187 |   1548 |   4 |  534.2 |
       Dungeon |   2137 |   2130 |      7 |    187 |   1548 |   4 |  534.2 |
               +--------+--------+--------+--------+--------+-----+--------+

Top non-repeatable levels by time:
     D:1: 936 daAuts
     D:2: 842 daAuts
     D:3: 355 daAuts
     D:4: 2 daAuts
